 Dungeon Crawl Stone Soup version 0.32-a0-675-gdc239d62e1 (webtiles) character file.

Game seed: 4781319964494933361

179 lunkers the Cudgeller (level 5, 0/61 HPs)
             Began as a Coglin Berserker on Mar 11, 2024.
             Was a Believer of Trog.
             Succumbed to a scorpion's poison
             ... on level 4 of the Dungeon.
             The game lasted 00:02:07 (2035 turns).

lunkers the Cudgeller (Coglin Berserker)            Turns: 2035, Time: 00:02:08

Health: 0/61       AC:  4    Str: 19    XL:     5   Next: 59%
Magic:  5/5        EV: 11    Int:  7    God:    Trog [**....]
Gold:   95         SH:  0    Dex: 13    Spells: 4/4 levels left

rFire   . . .        o - +0 morningstar {Conrad}
rCold   . . .        h - +1 hand axe (heavy) {Inés}
rNeg    . . .        l - +0 leather armour
rPois   .            (no helmet)
rElec   .            k - +0 cloak
rCorr   .            (no gloves)
SInv    .            (no boots)
Will    .....        (amulet unavailable) Stlth
                     (ring unavailable)
HPRegen 0.30/turn    (ring unavailable)
MPRegen 0.09/turn    (no gizmo)

%: no passive effects
@: berserking, lethally poisoned (0 -> -3), revved, very quick
A: off-hand wielding, slow wielding, warmup strikes, no jewellery
a: Invent Gizmo, Renounce Religion, Berserk, Trog's Hand


You were on level 4 of the Dungeon.
You worshipped Trog.
Trog was pleased with you.
You visited 1 branch of the dungeon, and saw 4 of its levels.

You collected 95 gold pieces.

Inventory:

Hand Weapons
 a - a +0 mace {Bo}
 c - a +0 dagger {Lisbeth}
 h - a +1 heavy hand axe (offhand) {Inés}
 o - a +0 morningstar (weapon) {Conrad}
Armour
 b - a +0 animal skin
 k - a +0 cloak (worn)
 l - a +0 leather armour (worn)
Scrolls
 d - a scroll of silence {unknown}
 e - a scroll of identify {unknown}
 j - 2 scrolls of teleportation {unknown}
 q - a scroll of enchant armour {unknown}
 s - a scroll of immolation {unknown}
 t - a scroll of vulnerability {unknown}
Potions
 f - a potion of berserk rage {unknown}
 g - a potion of invisibility {unknown}
 i - a potion of enlightenment {unknown}
 m - 2 potions of resistance {unknown}
 n - 2 potions of curing {unknown}
 p - a potion of brilliance {unknown}
 r - a potion of haste {unknown}
 u - a potion of attraction {unknown}


   Skills:
 - Level 3.0 Fighting
 - Level 1.2(3.8) Axes
 + Level 5.3(5.4) Maces & Flails
 - Level 1.7 Armour
 - Level 1.7 Dodging


You had 4 spell levels left.
You didn't know any spells.
Your spell library was empty.

Dungeon Overview and Level Annotations

Branches:
Dungeon (3/15)

Altars:

Shops:
D:2 [:=   D:3 (


Innate Abilities, Weirdness & Mutations

You can wield a second weapon in your off-hand.
It takes a long time for you to wield or remove held weapons.
Your first few attacks do less damage.
You cannot equip rings or amulets.


Message History

The iguana bites you.
* * * LOW HITPOINT WARNING * * *
The scorpion misses you. The scorpion stings you.
* * * LOW HITPOINT WARNING * * *
You are poisoned.
The scorpion poisons you!
The iguana hisses menacingly.
The iguana bites you!
* * * LOW HITPOINT WARNING * * *
A red film seems to cover your vision as you go berserk!
You feel yourself moving faster!
You feel mighty!
You feel very sick. The scorpion barely misses you. The iguana misses you.
Unknown command.
You hit the scorpion but do no damage.
The scorpion is moderately wounded.
You closely miss the scorpion with your +1 heavy hand axe.
You slash the iguana with your +1 heavy hand axe!
You feel sick. The scorpion stings you.
* * * LOW HITPOINT WARNING * * *
The iguana bites you but does no damage.
You hit the scorpion with your +1 heavy hand axe.
The scorpion is moderately wounded.
You slash the iguana with your +1 heavy hand axe!
You kill the iguana!
Trog accepts your kill.
You sock the scorpion with your +0 morningstar!
* * * LOW HITPOINT WARNING * * *
You feel sick.
The scorpion stings you but does no damage.
You have reached level 5!
You slash the scorpion with your +1 heavy hand axe!
You kill the scorpion!
Trog accepts your kill.
* * * LOW HITPOINT WARNING * * *
You feel sick.
Your Maces & Flails skill increases to level 5!
Okay, then.
You are too berserk!
You die...

## .. ### .#####.
..# ....... #.#
....... #.#
....... #.#######
......†###........
....$...@.....#
......!#.####.#
########.# #..
###. #. .. ##


There were no monsters in sight!

Vanquished Creatures
  A scorpion (D:4)
  An iguana (D:4)
  4 adders
  A dart slug (D:1)
  3 ribbon worms
  2 ball pythons
  4 bats
  3 endoplasms
  3 giant cockroaches
  2 goblins
  6 hobgoblins
  5 jackals
  3 kobolds
  2 quokkas
  A frilled lizard (D:1)
  7 rats
48 creatures vanquished.

Notes
Turn   | Place    | Note
-------+----------+-------------------------------------------
     0 | D:1      | lunkers the Coglin Berserker began the quest for the Orb.
     0 | D:1      | Reached XP level 1. HP: 18/18 MP: 1/1
    58 | D:1      | Reached skill level 3 in Maces & Flails
    65 | D:1      | Reached XP level 2. HP: 1/24 MP: 2/2
   920 | D:2      | Reached skill level 1 in Axes
   920 | D:2      | Reached XP level 3. HP: 25/29 MP: 3/3
   992 | D:2      | Found Joukhlife's Jewellery Boutique.
  1119 | D:2      | Found Taze's Armour Shop.
  1188 | D:2      | Reached ** piety under Trog
  1206 | D:2      | Reached skill level 4 in Maces & Flails
  1229 | D:2      | Found Xumifut's Book Emporium.
  1311 | D:2      | Reached XP level 4. HP: 31/35 MP: 4/4
  1968 | D:3      | Found Efee's Weapon Shoppe.
  2022 | D:3      | You fall into a shaft and drop 1 floor!
  2026 | D:4      | Noticed a scorpion
  2033 | D:4      | HP: 1/52 [poisoned by a scorpion]
  2034 | D:4      | Reached XP level 5. HP: 1/41 MP: 5/5
  2035 | D:4      | Reached skill level 5 in Maces & Flails
  2035 | D:4      | Succumbed to a scorpion's poison

Illustrated notes

Levels and vault maps discovered:
D:1:      dpeg_arrival_court, layout_basic
D:2:      layout_loops_ring, serial_shops, shop, nicolae_shop_hallway_stairs,
          nicolae_shop_tiny_statue_garden
D:3:      layout_basic, serial_shops, nicolae_shop_bloodbath_and_beyond
D:4:      layout_rooms, chequers_mini_garden, uniq_grinder

Skill      XL: |  1  2  3  4  5 |
---------------+----------------+-----
Maces & Flails | 3 4 5 |  5.3
Axes           | 1 |  1.2
Fighting       | |  3.0
Armour         | |  1.7
Dodging        | |  1.7

Action                     |  1- 3 |  4- 6 || total
---------------------------+-------+-------++-------
  Melee: Mace              |    38 |       ||    38
         Dagger            |    24 |       ||    24
         Hand axe          |    20 |    28 ||    48
         Morningstar       |    12 |    27 ||    39
 Invoke: Berserk           |       |     1 ||     1
 Armour: Animal skin       |    30 |       ||    30
         Leather armour    |    14 |    33 ||    47
  Dodge: Dodged            |    45 |    23 ||    68

Table legend: (Time is in decaauts)
 A = Elapsed time spent in this place.
 B = Non-inter-level travel time spent in this place.
 C = Inter-level travel time spent in this place.
 D = Time resting spent in this place.
 E = Time spent auto-exploring this place.
 F = Levels seen in this place.
 G = Mean time per level.
                   A        B        C        D        E       F      G
               +--------+--------+--------+--------+--------+-----+--------+
         Total |   2064 |   2031 |     33 |      0 |   1698 |   4 |  516.0 |
       Dungeon |   2064 |   2031 |     33 |      0 |   1698 |   4 |  516.0 |
               +--------+--------+--------+--------+--------+-----+--------+

Top non-repeatable levels by time:
     D:1: 911 daAuts
     D:2: 671 daAuts
     D:3: 466 daAuts
     D:4: 14 daAuts
